 Dungeon Crawl Stone Soup version 0.31-a0-174-g85c54bcb58 (webtiles) character file.

Game seed: 12868047765766999256

86 qw the Shooter (level 4, -3/40 HPs)
             Began as a Naga Hunter on June 15, 2023.
             Slain by an orc
             ... wielding a +0 flail
              (8 damage)
             ... on level 3 of the Dungeon.
             The game lasted 00:00:38 (1589 turns).

qw the Shooter (Naga Hunter)                        Turns: 1589, Time: 00:00:38

Health: -3/40      AC:  2    Str: 14    XL:     4   Next: 49%
Magic:  4/4        EV:  9    Int:  9    God:
Gold:   111        SH:  0    Dex: 16    Spells: 3/3 levels left

rFire   . . .        Y - +0 shortbow
rCold   . . .        (shield currently unavailable)
rNeg    + . .        c - +0 leather armour
rPois   +            (no helmet)
rElec   .            (no cloak)
rCorr   .            (no gloves)
SInv    +            (no barding)
Will    +....        (no amulet)
Stlth   ++           e - ring of willpower
HPRegen 0.26/turn    b - ring of positive energy
MPRegen 0.09/turn

%: no passive effects
@: very slow
A: AC +1, large, see invisible, deformed body, poison resistance, slowness 2,
spit poison 1, naga tail 1
a: Spit Poison


You were on level 3 of the Dungeon.
You visited 1 branch of the dungeon, and saw 3 of its levels.

You collected 111 gold pieces.


Innate Abilities, Weirdness & Mutations

Your serpentine skin is tough. (AC +1)
You have supernaturally acute eyesight. (SInv)
Armour fits poorly on your strangely shaped body.
Your system is resistant to poisons. (rPois)
You cover ground very slowly.
You can spit poison.
You have a snake-like lower body.


   Skills:
 + Level 2.6 Fighting
 - Level 5.0 Ranged Weapons
 - Level 1.5 Dodging
 - Level 1.5 Stealth


You had 3 spell levels left.
You didn't know any spells.
Your spell library was empty.

Inventory:

Hand Weapons
 Y - a +0 shortbow (weapon)
Armour
 c - a +0 leather armour (worn)
Jewellery
 b - a ring of positive energy (right hand)
 e - a ring of willpower (left hand)
Scrolls
 g - 2 scrolls of identify
Potions
 a - 4 potions of curing
 d - a potion of brilliance {unknown}
 f - 2 potions of mutation {unknown}
 j - a potion of attraction {unknown}

Dungeon Overview and Level Annotations

Branches:
Dungeon (3/15)

Altars:


Message History

You kill the orc!
You have got your breath back.
1579 ||| INVOKING Spit Poison.
Aiming: Spit Poison (1% risk of failure)
Press: ? - help, Shift-Dir - straight line, f - orc The splash of poison misses the orc.
The orc completely misses you.
You shoot an arrow. The arrow closely misses the orc.
The orc hits you with a +0 dagger. The orc barely misses you.
You shoot an arrow. The arrow barely misses the orc.
The orc hits you with a +0 dagger. The orc hits you with a +0 flail.
You shoot an arrow. The arrow hits the orc.
The orc is heavily wounded.
The orc hits you with a +0 dagger. The orc hits you but does no damage.
You shoot an arrow. The arrow hits the orc.
The orc is severely wounded.
The orc barely misses you. The orc hits you with a +0 flail.
You shoot an arrow. The arrow hits the orc.
The orc is severely wounded.
You have got your breath back.
The orc hits you but does no damage. The orc completely misses you.
The orc hits you with a +0 flail. The orc hits you with a +0 dagger.
1585 ||| INVOKING Spit Poison.
Aiming: Spit Poison (1% risk of failure)
Press: ? - help, Shift-Dir - straight line, f/p - orc The splash of poison hits the orc.
The orc is poisoned.
You kill the orc!
The orc hits you with a +0 flail.
You shoot an arrow. The arrow hits the orc.
The orc is lightly wounded.
The orc barely misses you. The orc hits you with a +0 flail.
You shoot an arrow. The arrow barely misses the orc.
The orc hits you with a +0 club. The orc hits you with a +0 flail.
You shoot an arrow. The arrow hits the orc.
The orc is heavily wounded.
The orc closely misses you. The orc hits you with a +0 flail.
You shoot an arrow. The arrow closely misses the orc.
You have got your breath back.
The orc hits you but does no damage. The orc hits you with a +0 flail!
You die...

#. #.##.# #....#.#
#..##. #.# #.....#. ##
#..##. #...#.....)#
.?#..# ###.........
.#..# ###....... # ....
#......# ####.#..#
#.....#. ......oo#
#....#.# #@# #....##.
#.# #...#.## #.#
#..#.#..
#######.#########..##...
..................#(..[.
################........
#........ #########


You could see 2 orcs.

Vanquished Creatures
  3 adders (D:2)
  A worm (D:2)
  2 dart slugs (D:1)
  2 orcs (D:3)
  4 endoplasms
  3 giant cockroaches
  5 goblins
  2 hobgoblins
  2 quokkas
  5 ball pythons
  7 bats
  5 frilled lizards
  7 kobolds
  5 rats
53 creatures vanquished.

Notes
Turn   | Place    | Note
-------+----------+-------------------------------------------
     0 | D:1      | qw the Naga Hunter began the quest for the Orb.
     0 | D:1      | Reached XP level 1. HP: 19/19 MP: 1/1
     0 | D:1      | 0 ||| qw: Version: 0.2-a-29-g511e9b1
     0 | D:1      | 0 ||| qw: Game counter: 5210
     0 | D:1      | 0 ||| qw: Always use a shield: true
     0 | D:1      | 0 ||| qw: God list: Okawaru
     0 | D:1      | 0 ||| qw: Allow faded altars: false
     0 | D:1      | 0 ||| qw: Do Orc after D:15 true
     0 | D:1      | 0 ||| qw: Do second Lair branch before Depths: true
     0 | D:1      | 0 ||| qw: Lair rune preference: random
     0 | D:1      | 0 ||| qw: Plans: Normal
     0 | D:1      | 0 ||| PLANNING D:1-11
   118 | D:1      | Found a faded altar of an unknown god.
   184 | D:1      | 184 ||| INVOKING Spit Poison.
   201 | D:1      | 201 ||| INVOKING Spit Poison.
   264 | D:1      | 264 ||| INVOKING Spit Poison.
   266 | D:1      | Reached skill level 4 in Ranged Weapons
   266 | D:1      | Reached XP level 2. HP: 26/26 MP: 2/2
   283 | D:1      | 283 ||| INVOKING Spit Poison.
   360 | D:1      | 360 ||| INVOKING Spit Poison.
   366 | D:1      | 366 ||| INVOKING Spit Poison.
   370 | D:1      | 370 ||| INVOKING Spit Poison.
   376 | D:1      | 376 ||| INVOKING Spit Poison.
   421 | D:1      | 421 ||| INVOKING Spit Poison.
   428 | D:1      | 428 ||| INVOKING Spit Poison.
   459 | D:1      | 459 ||| INVOKING Spit Poison.
   460 | D:1      | Reached XP level 3. HP: 32/32 MP: 3/3
   716 | D:1      | 716 ||| INVOKING Spit Poison.
   822 | D:1      | 822 ||| UPGRADING to ring of willpower.
   823 | D:1      | 823 ||| READING scroll labelled PUEHITISTY.
   826 | D:1      | 826 ||| READING scroll labelled ISOBROPIVO.
   827 | D:1      | 827 ||| READING 2 scrolls labelled ROETOTYOCUC.
   828 | D:1      | 828 ||| DROPPING scroll of butterflies.
   834 | D:2      | 834 ||| INVOKING Spit Poison.
   840 | D:2      | 840 ||| INVOKING Spit Poison.
   846 | D:2      | 846 ||| INVOKING Spit Poison.
   868 | D:2      | 868 ||| INVOKING Spit Poison.
   869 | D:2      | 869 ||| INVOKING Spit Poison.
   924 | D:2      | 924 ||| INVOKING Spit Poison.
   979 | D:2      | 979 ||| INVOKING Spit Poison.
   998 | D:2      | 998 ||| INVOKING Spit Poison.
  1025 | D:2      | 1025 ||| INVOKING Spit Poison.
  1054 | D:2      | 1054 ||| INVOKING Spit Poison.
  1081 | D:2      | 1081 ||| INVOKING Spit Poison.
  1086 | D:2      | 1086 ||| INVOKING Spit Poison.
  1087 | D:2      | Reached skill level 5 in Ranged Weapons
  1087 | D:2      | Reached XP level 4. HP: 34/39 MP: 4/4
  1109 | D:2      | 1109 ||| INVOKING Spit Poison.
  1140 | D:2      | 1140 ||| INVOKING Spit Poison.
  1145 | D:2      | 1145 ||| INVOKING Spit Poison.
  1151 | D:2      | 1151 ||| INVOKING Spit Poison.
  1157 | D:2      | 1157 ||| INVOKING Spit Poison.
  1161 | D:2      | 1161 ||| INVOKING Spit Poison.
  1335 | D:2      | 1335 ||| INVOKING Spit Poison.
  1392 | D:2      | 1392 ||| INVOKING Spit Poison.
  1430 | D:2      | 1430 ||| UPGRADING to ring of positive energy.
  1431 | D:2      | 1431 ||| READING scroll labelled KUSIATUEXYGU.
  1432 | D:2      | 1432 ||| DRINKING 5 sapphire potions.
  1433 | D:2      | 1433 ||| DRINKING 4 murky emerald potions.
  1434 | D:2      | 1434 ||| DRINKING 2 sedimented cyan potions.
  1474 | D:2      | 1474 ||| DROPPING 3 potions of enlightenment.
  1475 | D:2      | 1475 ||| DROPPING potion of lignification.
  1489 | D:3      | 1489 ||| INVOKING Spit Poison.
  1502 | D:3      | 1502 ||| INVOKING Spit Poison.
  1576 | D:3      | 1576 ||| INVOKING Spit Poison.
  1579 | D:3      | 1579 ||| INVOKING Spit Poison.
  1585 | D:3      | 1585 ||| INVOKING Spit Poison.
  1587 | D:3      | HP: 8/40 [orc/+0 flail (5)]
  1589 | D:3      | Slain by an orc

Levels and vault maps discovered:
D:1:      dpeg_arrival_concentric_ovals, layout_basic,
          shapermc_ecumenical_altar_rom_forum, kennysheep_pointless_box,
          kennysheep_another_room
D:2:      layout_rooms
D:3:      layout_basic, lemuel_coloured_pillars_altar, fedhas_ov_isle_minmay,
          amethyst_overflow_temple_binary, minmay_misc_feat_secret_circle,
          kennysheep_generic_room_4

Skill      XL: |  1  2  3 |
---------------+----------+-----
Ranged Weapons | 4 5 |  5.0
Fighting       | |  2.6
Dodging        | |  1.5
Stealth        | |  1.5

Action                     |  1- 3 |  4- 6 || total
---------------------------+-------+-------++-------
   Fire: Shortbow          |    57 |    32 ||    89
Ability: Spit Poison       |    23 |    13 ||    36
    Use: Scroll            |     3 |     1 ||     4
         Potion            |       |     3 ||     3
 Armour: Leather armour    |     6 |     6 ||    12
  Dodge: Dodged            |     9 |    10 ||    19

Table legend:
 A = Non-vault XP
 B = Vault XP
 C = Vault XP percentage of total XP
 D = Non-vault monster count
 E = Vault monster count
 F = Vault count percentage of total count
                 A         B        C        D         E       F
            +---------+---------+-------+---------+---------+-------
      Total |     123 |       0 |   0.0 |      53 |       0 |   0.0
            +---------+---------+-------+---------+---------+-------
        D:1 |      35 |       0 |   0.0 |      21 |       0 |   0.0
        D:2 |      78 |       0 |   0.0 |      27 |       0 |   0.0
        D:3 |      10 |       0 |   0.0 |       5 |       0 |   0.0
            +---------+---------+-------+---------+---------+-------
